 Dungeon Crawl Stone Soup version 0.27-a0-1591-gc56fcc985a (webtiles) character file.

Game seed: 10505112770984178953

436 flotson the Sneak (level 6, -9/48 HPs)
             Began as a Demonspawn Delver on July 19, 2021.
             Mangled by an orc warrior (15 damage)
             ... on level 4 of the Dungeon.
             The game lasted 00:08:34 (5449 turns).

flotson the Sneak (Demonspawn Delver)               Turns: 5449, Time: 00:08:35

Health: -9/48      AC: 11    Str: 15    XL:     6   Next: 69%
Magic:  6/6        EV: 10    Int: 11    God:
Gold:   174        SH:  0    Dex: 16    Spells: 5/5 levels left

rFire    . . .     SeeInvis .   a - +4 quarterstaff (chaos)
rCold    . . .     Faith    .   (shield currently unavailable)
rNeg     . . .     Spirit   .   n - +0 scale mail
rPois    .         Reflect  .   (no helmet)
rElec    .         Harm     .   q - +0 cloak
rCorr    .         Rampage  .   (gloves unavailable)
Will     .....                  (no boots)
Stlth    ++........             (no amulet)
HPRegen  0.16/turn              s - +4 ring of protection
MPRegen  0.10/turn              (no ring)

@: no status effects
A: claws 3, thin skeletal structure 1
a: no special abilities


You were on level 4 of the Dungeon.
You visited 1 branch of the dungeon, and saw 5 of its levels.

You collected 174 gold pieces.

Inventory:

Hand Weapons
 a - a +4 quarterstaff of chaos (weapon)
 b - a +0 hunting sling
 f - a +0 hand axe
 y - a +0 short sword of flaming
Missiles
 t - 42 stones (quivered)
Armour
 n - a +0 scale mail (worn)
 q - a +0 cloak (worn)
Jewellery
 s - a +4 ring of protection (left claw)
Wands
 g - a wand of digging (3)
Scrolls
 c - a scroll of fog
 e - 3 scrolls of fear
 h - 2 scrolls of identify {unknown}
 i - a scroll of vulnerability {unknown}
 j - 3 scrolls of teleportation {unknown}
 l - a scroll of summoning {unknown}
 m - a scroll of torment {unknown}
 o - 4 scrolls of amnesia {unknown}
 u - a scroll of acquirement {unknown}
 A - a scroll of blinking {unknown}
Potions
 k - a potion of magic {unknown}
 p - a potion of brilliance {unknown}
 r - a potion of curing
 v - 2 potions of degeneration {unknown}
 w - a potion of mutation {unknown}
 x - a potion of heal wounds {unknown}


   Skills:
 + Level 4.3 Fighting
 + Level 3.2 Axes
 + Level 0.5 Throwing
 + Level 2.4 Armour
 + Level 3.2 Dodging
 - Level 4.5 Stealth
 + Level 2.8 Evocations


You had 5 spell levels left.
You didn't know any spells.
Your spell library contained the following spells:

 Spells                   Type           Power      Damage    Failure   Level
 Shock                    Conj/Air       0%         1d3       80%         1
 Swiftness                Air            0%         N/A       99%         3
 Airstrike                Air            0%         N/A       100%        4
 Summon Lightning Spire   Summ/Air       0%         N/A       100%        4
 Lightning Bolt           Conj/Air       0%         1d11      100%        5


Dungeon Overview and Level Annotations

Branches:
Dungeon (5/15)
 Temple: D:4-7

Altars:
Ru
Xom
Zin

Shops:
D:2 [*


Innate Abilities, Weirdness & Mutations

You have claws for hands.
You have a somewhat thin skeletal structure. (Dex +2, Stealth+)


Message History

You barely miss the orc warrior.
The orc warrior is moderately wounded.
The orc warrior barely misses you. x2
You catch the helpless orc warrior completely off-guard!
You hit the orc warrior. You drain the orc warrior.
The orc warrior is heavily wounded.
The orc warrior barely misses you.
You sock the orc warrior! You freeze the orc warrior.
The orc warrior is almost dead.
The orc warrior is no longer blind.
The orc warrior hits you with a +0 war axe!
* * * LOW HITPOINT WARNING * * *
You see here a +0 whip.
You see here an atropa-tipped dart.
The orc warrior seems less drained.
You see here a +0 whip.
You see here an atropa-tipped dart.
You see here a +0 whip.
You see here an atropa-tipped dart.
Press: ? - help, v - describe, . - travel, g - get item Item here: an atropa-tipped dart.
The floor.
You see here a +0 whip.
You see here an atropa-tipped dart.
You see here a +0 whip.
You see here an atropa-tipped dart.
z - an atropa-tipped dart The orc warrior hits you with a +0 war axe!
* * * LOW HITPOINT WARNING * * *
Throw: dart (atropa)
Press: ? - help, Q - select action, (/) - cycle Shift-Dir - straight line, f/p - orc warrior
Aim: an orc warrior, wielding a +0 war axe and wearing a +0 plate armour (almost dead, 62% to hit, chance to blind on hit: 72%)
You throw an atropa-tipped dart.
The atropa-tipped dart barely misses the orc warrior.
The orc warrior hits you with a +0 war axe.
* * * LOW HITPOINT WARNING * * *
The orc warrior hits you with a +0 war axe!
* * * LOW HITPOINT WARNING * * *
The orc warrior hits you with a +0 war axe!
You die...

**,**,_.♣..##. *******###
***,***♣***#. ,,,,,,,..#
######### #. *******#.# #.......#
#. #.# #..########. #.#
#........... * #.# ##.#########
########.#############...........
..(.(........)..@o......########.
(.##(###.###.#######.##....#####.
ooJ#.###.###.#######.............
..o(.#.>...............#.........
...##....###..############.#.###.
.........# #..............###.##.
.####...## ##.############.#<###.
.* ##.## #..# #..###.. ,* #.#
##.# ####.......


You could see an orc warrior.

Vanquished Creatures
  Sigmund (D:2)
  A phantom (D:4)
  Crazy Yiuf (D:2)
  3 gnolls (D:3)
  9 adders
  2 worms
  An orc (D:3)
  4 bats
  8 endoplasms
  5 goblins
  7 hobgoblins
  A jackal (D:3)
  8 kobolds
  2 quokkas
  7 ball pythons (D:3)
  5 frilled lizards
  8 rats
73 creatures vanquished.

Notes
Turn   | Place    | Note
-------+----------+-------------------------------------------
     0 | D:5      | flotson the Demonspawn Delver began the quest for the Orb.
     0 | D:5      | Reached XP level 1. HP: 18/18 MP: 1/1
    10 | D:5      | Noticed a water moccasin
    53 | D:4      | Noticed an orc warrior
   240 | D:3      | Gained mutation: You have sharp fingernails. [demonic
                  | ancestry]
   240 | D:3      | Reached XP level 2. HP: 15/24 MP: 2/2
   430 | D:3      | Reached skill level 1 in Evocations
   430 | D:3      | Gained mutation: You have a somewhat thin skeletal
                  | structure. (Dex +2, Stealth+) [demonic ancestry]
   430 | D:3      | Reached XP level 3. HP: 29/29 MP: 3/3
   450 | D:3      | Reached skill level 1 in Armour
   862 | D:3      | Found a sacrificial altar of Ru.
  1191 | D:1      | Noticed an eye of devastation
  1192 | D:1      | Noticed an eye of devastation
  1194 | D:1      | Found a faded altar of an unknown god.
  1195 | D:1      | Noticed a great orb of eyes
  1195 | D:1      | Noticed an eye of devastation
  1200 | D:1      | Reached XP level 4. HP: 35/35 MP: 4/4
  2258 | D:2      | Noticed Sigmund
  2436 | D:2      | Found Mihot's Armour Shoppe.
  2461 | D:2      | Found a runed translucent door.
  2462 | D:2      | Noticed Crazy Yiuf
  2616 | D:2      | Found Rabboc's Assorted Antiques.
  3177 | D:2      | Killed Crazy Yiuf
  3275 | D:2      | Found Mihot's Armour Shoppe.
  3558 | D:2      | Killed Sigmund
  3559 | D:2      | Gained mutation: You have very sharp fingernails. [demonic
                  | ancestry]
  3559 | D:2      | Reached XP level 5. HP: 36/42 MP: 5/5
  3559 | D:2      | Gained mutation: You have claws for hands. [demonic
                  | ancestry]
  3559 | D:2      | Reached XP level 6. HP: 42/48 MP: 6/6
  3894 | D:2      | Found Rabboc's Assorted Antiques.
  4918 | D:4      | Found a shimmering altar of Xom.
  5449 | D:4      | Mangled by an orc warrior

Illustrated notes

Levels and vault maps discovered:
D:1:      dpeg_arrival_boxorama, layout_basic,
          hellmonk_ecumenical_altar_watching_god
D:2:      wander_river, layout_basic, serial_shops,
          nicolae_shop_window_shopping, nicolae_shop_waterfront,
          uniq_crazy_yiuf_cottage, uniq_sigmund
D:3:      minmay_chambers_of_twos, layout_loops_ring,
          mainiacjoe_overflow_brackets, minmay_tree_intersection,
          chequers_serial_rivers_small_3, minmay_misc_feat_four_crosses,
          minmay_snake_closets
D:4:      layout_loops_ring, mainiacjoe_overflow_concentric_impassable,
          zin_academy, amethyst_overflow_temple_binary, moated_statue,
          due_unseen_surprise
D:5:      layout_rooms, gup_sewer_entry_bowl, uniq_blork_the_orc

Skill      XL: |  1  2  3  4 |
---------------+-------------+-----
Axes           | 2 3 |  3.2
Dodging        | 2 3 |  3.2
Evocations     | 1 2 |  2.8
Armour         | 1 2 |  2.4
Fighting       | 4 |  4.3
Throwing       | |  0.5
Stealth        | |  4.5

Action                   |  1- 3 |  4- 6 || total
-------------------------+-------+-------++-------
Melee: Hand axe          |    76 |       ||    76
       Short sword       |    11 |    80 ||    91
       Quarterstaff      |       |    61 ||    61
 Fire: Hunting sling     |       |     3 ||     3
Throw: Throwing net      |       |     1 ||     1
       Dart              |       |     9 ||     9
Evoke: Wand              |       |     3 ||     3
  Use: Potion            |     4 |       ||     4
       Scroll            |     1 |       ||     1
 Stab: Sleeping          |    10 |    13 ||    23
       Invisible         |       |     3 ||     3
       Held in net/web   |       |     1 ||     1
Armor: Leather armour    |    21 |     2 ||    23
       Scale mail        |       |    45 ||    45
Dodge: Dodged            |    53 |    86 ||   139

Table legend: (Time is in decaauts)
 A = Elapsed time spent in this place.
 B = Non-inter-level travel time spent in this place.
 C = Inter-level travel time spent in this place.
 D = Time resting spent in this place.
 E = Time spent auto-exploring this place.
 F = Levels seen in this place.
 G = Mean time per level.
                   A        B        C        D        E       F      G
               +--------+--------+--------+--------+--------+-----+--------+
         Total |   5520 |   5426 |     94 |    216 |   4246 |   5 | 1104.0 |
       Dungeon |   5520 |   5426 |     94 |    216 |   4246 |   5 | 1104.0 |
               +--------+--------+--------+--------+--------+-----+--------+

Top non-repeatable levels by time:
     D:2: 2233 daAuts
     D:3: 1632 daAuts
     D:1: 999 daAuts
     D:4: 633 daAuts
     D:5: 22 daAuts
